Map: Temple gelé

Players

zidar - Winner!

  • Race: Zerg Zerg
  • League: Platinum
  • Spawn Location: 5:00

Cylys

  • Race: Terran Terran
  • Spawn Location: 11:00

VOD

Have the link to the VOD?

Description

Time

  • Played on: Oct. 10, 2016, 2:05 p.m.
  • Length: 18:49
Show
View Real Time Build Order
Export as new Build Order

zidar Zerg - Winner!

Build Orders: Hatch First 

Get SALT Encoding   

  12  0:01  Drone  
  13  0:12  Overlord  
  13  0:18  Drone  
  14  0:31  Drone x2  
  16  0:52  Hatchery  
  16  0:54  Drone  
  16  0:57  Extractor  
  16  0:59  Drone  
  16  1:19  Spawning Pool  
  16  1:21  Drone  
  16  1:36  Drone  
  16  1:38  Drone x2  
  19  1:49  Overlord  
  19  2:09  Queen x2  
  19  2:11  Drone  
  24  2:28  Zergling x2  
  24  2:29  Zergling x2  
  26  2:37  Zergling x8  
  29  2:44  Roach Warren  
  29  2:49  Metabolic Boost  
  26  3:28  Zergling x16  
  34  3:36  Roach  
  34  3:39  Overlord  
  34  3:40  Overlord  
  36  3:58  Baneling Nest  
  36  4:01  Roach  
  36  4:02  Roach x2  
  41  4:07  Roach  
  43  4:20  Ravager  
  44  4:27  Ravager  
  44  4:29  Ravager  
  42  4:57  Roach x3  
  42  4:58  Zergling x6  
  32  5:34  Roach x4  
  31  6:00  Drone x6  
  37  6:18  Extractor  
  36  6:28  Spore Crawler  
  36  6:32  Spore Crawler  
  34  6:35  Roach x5  
  44  6:44  Overlord x2  
  44  6:45  Overlord  
  43  7:09  Drone x9  
  52  7:17  Lair  
  52  7:28  Pneumatized Carapace  
  52  7:45  Evolution Chamber  
  52  7:50  Evolution Chamber  
  52  7:51  Drone x3  
  53  7:52  Drone  
  53  7:55  Roach x3  
  60  8:00  Overlord  
  60  8:24  Roach x5  
  60  8:25  Roach x2  
  74  8:31  Overseer  
  74  8:34  Zerg Ground Armor Level 1  
  74  8:41  Drone x2  
  76  8:47  Overlord x2  
  76  8:53  Zerg Missile Weapons Level 1  
  65  9:24  Hatchery  
  65  9:26  Drone x6  
  65  9:28  Extractor  
  69  9:31  Extractor  
  69  9:33  Glial Reconstitution  
  69  9:36  Ravager  
  69  9:39  Ravager  
  70  10:10  Hatchery  
  69  10:15  Drone x6  
  69  10:18  Drone x5  
  80  10:28  Zerg Ground Armor Level 2  
  80  10:36  Queen  
  80  10:41  Roach x2  
  86  10:53  Zerg Melee Weapons Level 1  
  86  10:56  Infestation Pit  
  85  10:59  Drone x2  
  87  11:08  Ravager x2  
  87  11:09  Ravager x2  
  91  11:12  Roach x2  
  95  11:27  Drone x9  
  104  11:36  Hive  
  104  11:47  Overlord x2  
  104  11:48  Overlord x2  
  104  12:06  Roach x9  
  122  12:23  Extractor x2  
  122  12:24  Roach x4  
  128  12:50  Adrenal Glands  
  128  12:52  Zerg Ground Armor Level 3  
  128  12:59  Zerg Melee Weapons Level 2  
  128  13:46  Spire  
  127  13:56  Overlord x4  
  127  13:57  Overlord x2  
  127  14:17  Roach x8  
  127  14:18  Roach x7  
  157  14:38  Extractor  
  156  14:39  Extractor  
  156  14:41  Roach  
  156  14:42  Roach x9  
  156  14:45  Overlord x2  
  175  14:46  Overlord x3  
  175  14:59  Greater Spire  
  175  15:07  Ravager x4  
  175  15:08  Ravager x2  
  181  15:27  Zerg Melee Weapons Level 3  
  181  15:30  Zerg Missile Weapons Level 2  
  181  15:55  Corruptor  
  181  15:56  Corruptor x3  
  187  15:57  Corruptor  
  191  16:32  Hatchery  
  190  16:36  Brood Lord x3  
  190  16:37  Brood Lord  
  198  16:40  Corruptor  
  200  17:04  Spore Crawler  
  199  17:16  Spore Crawler  
  117  17:42  Roach x14  
  117  17:43  Roach x30  
Show
View Real Time Build Order
Export as new Build Order

Cylys Terran 

Build Orders:  

Get SALT Encoding   

  12  0:01  SCV  
  13  0:13  SCV  
  14  0:20  Supply Depot  
  14  0:25  SCV  
  15  0:30  Refinery  
  15  0:42  SCV  
  16  0:47  Barracks  
  16  0:54  SCV  
  17  1:02  Supply Depot  
  17  1:13  Barracks  
  17  1:27  Barracks  
  17  1:39  SCV  
  18  1:40  Refinery  
  18  1:43  Reaper  
  19  1:51  SCV  
  20  2:01  Reaper  
  20  2:07  SCV  
  22  2:14  Reaper  
  22  2:15  Reaper  
  24  2:18  Supply Depot  
  24  2:38  Barracks Reactor  
  24  2:43  Orbital Command  
  24  2:46  Factory  
  24  2:51  Barracks Reactor  
  24  2:56  Barracks Tech Lab  
  20  3:30  Marine  
  20  3:31  Marine x3  
  20  3:33  Stimpack  
  24  3:34  Factory Reactor  
  24  3:39  SCV  
  25  3:48  Factory  
  25  3:50  Marine x2  
  25  3:51  SCV  
  25  3:55  Supply Depot  
  28  4:03  SCV  
  28  4:06  Marine  
  28  4:07  Marine  
  28  4:08  Marine x2  
  33  4:14  Hellion  
  35  4:19  Hellion  
  37  4:47  Marine x4  
  37  4:48  Marine  
  37  4:49  Factory Tech Lab  
  42  4:55  Bunker  
  42  5:02  Hellion x2  
  42  5:05  Marine  
  47  5:10  Marine x2  
  47  5:14  Marauder  
  35  5:33  Marine x2  
  35  5:34  Marine x3  
  40  5:49  Command Center  
  33  5:51  Marine  
  31  6:02  Marine x2  
  31  6:03  Marine  
  32  6:05  Siege Tank  
  32  6:09  Marine  
  38  6:16  Widow Mine  
  38  6:20  Marine  
  38  6:22  Bunker  
  39  6:26  Combat Shield  
  39  6:27  Marine  
  40  6:34  Marine x2  
  42  6:52  Supply Depot  
  42  6:59  Marine x2  
  42  7:00  Marine x3  
  47  7:15  Orbital Command  
  47  7:17  SCV  
  48  7:25  Supply Depot  
  48  7:29  SCV  
  49  7:30  Marine x2  
  51  7:41  SCV  
  51  7:42  SCV  
  53  7:50  Engineering Bay  
  53  7:53  SCV  
  53  7:54  SCV  
  53  7:56  Supply Depot  
  55  8:06  SCV  
  56  8:17  SCV  
  56  8:19  Siege Tank  
  60  8:22  Hellion x2  
  64  8:28  Supply Depot  
  64  8:29  SCV  
  64  8:30  Terran Infantry Weapons Level 1  
  64  8:32  Starport  
  64  8:33  SCV  
  66  8:41  SCV  
  66  8:45  SCV  
  68  8:51  Siege Tank  
  57  9:04  Supply Depot  
  57  9:05  Marine x2  
  57  9:06  Marine x3  
  57  9:08  SCV  
  60  9:14  Refinery  
  60  9:15  Starport Reactor  
  60  9:19  Factory  
  60  9:20  SCV, Hellion x2  
  60  9:22  Infernal Pre-Igniter  
  60  9:23  Marine  
  66  9:27  Marine  
  66  9:28  Marine x2  
  69  9:32  SCV  
  70  9:41  Marine  
  70  9:44  SCV  
  70  9:45  Refinery  
  72  9:50  Marine x2  
  72  9:51  Marine x2  
  76  9:55  Medivac x2  
  76  9:56  SCV  
  76  9:58  Siege Tank  
  84  10:08  SCV  
  85  10:16  Command Center  
  85  10:20  Factory Tech Lab  
  85  10:24  Factory, Terran Infantry Armor Level 1  
  87  10:29  SCV  
  87  10:31  Widow Mine  
  88  10:40  Siege Tank  
  88  10:41  SCV  
  88  10:42  Siege Tank  
  95  10:53  SCV  
  95  10:54  Marine x5  
  101  11:12  Marine  
  102  11:20  Supply Depot  
  102  11:21  Factory Tech Lab  
  102  11:22  Supply Depot  
  102  11:23  Supply Depot  
  102  11:24  Armory  
  102  11:27  Marine  
  102  11:30  SCV  
  102  11:31  Missile Turret  
  104  11:33  Planetary Fortress  
  104  11:39  Concussive Shells  
  104  11:41  Marauder  
  104  11:42  Marine  
  104  11:43  SCV  
  108  11:55  SCV  
  109  12:02  Marauder  
  111  12:16  Terran Vehicle Weapons Level 1  
  111  12:19  Armory  
  111  12:20  Thor  
  117  12:24  Thor  
  117  12:27  Supply Depot  
  123  12:38  SCV  
  123  12:42  SCV  
  125  12:48  Medivac x2  
  125  12:51  SCV, Supply Depot  
  130  12:54  SCV  
  131  13:00  Refinery  
  131  13:03  SCV  
  132  13:06  SCV  
  132  13:11  Barracks, Refinery  
  133  13:27  Command Center  
  133  13:35  Terran Infantry Weapons Level 2, Supply Depot  
  133  13:37  Terran Vehicle And Ship Armor Level 1  
  133  13:49  Supply Depot  
  133  14:11  Barracks Reactor  
  133  14:14  Barracks  
  133  14:15  Marine x3  
  133  14:16  Marine x2  
  138  14:26  Terran Vehicle Weapons Level 2  
  138  14:30  Thor x2  
  150  14:33  Marine x3  
  150  14:34  Marine x2  
  155  14:41  Planetary Fortress  
  155  14:43  SCV  
  156  14:51  Marine, Supply Depot  
  157  14:54  Marine x2  
  157  14:55  SCV  
  160  15:00  Supply Depot  
  160  15:08  SCV  
  160  15:12  Marine x2  
  163  15:19  Hellion x2  
  167  15:27  Barracks Reactor  
  167  15:30  Marine  
  167  15:31  Marine, Starport  
  167  15:33  Marine x4  
  173  15:36  Terran Vehicle And Ship Armor Level 2  
  173  15:38  SCV  
  174  15:42  Supply Depot  
  174  15:46  Hellion x2  
  174  15:47  Drilling Claws  
  178  15:50  SCV  
  178  15:51  Marine  
  178  15:55  Refinery  
  180  16:02  SCV  
  180  16:03  Marauder  
  183  16:04  Marine x2  
  183  16:05  Marine  
  183  16:08  Marine, Thor  
  193  16:12  Starport  
  193  16:22  Marine x2  
  193  16:25  Marauder  
  196  16:26  Sensor Tower  
  196  16:27  Starport Tech Lab  
  196  16:31  Marine x4, Barracks  
  200  16:44  Supply Depot  
  200  16:52  Starport Tech Lab  
  200  17:03  Missile Turret  
  200  17:06  Missile Turret  
  200  17:14  Orbital Command  
  200  17:19  Rapid Reignition System  
  197  17:27  Barracks Reactor  
  154  17:32  Marine  
  154  17:33  Marine x3  
  154  17:35  Marine  
  154  17:36  Marine x4  
  92  17:49  Supply Depot  
  92  17:50  Marine x2  
  92  17:51  Marine x2  
  95  17:53  Marine x3  
  95  17:54  Marine x2  
  98  18:08  Marine  
  78  18:27  Marine x5  
Tags
 
League
Platinum
Matchup
TvZ
Spawn Locations
Cross Positions
Add a new tag
Caveats
  • Supply blocks, unpowered buildings, or Contaminate may cause inaccurate times.
  • Supply counts are checked every 10 seconds.